 Dungeon Crawl Stone Soup version 0.28-a0-511-gcc94558de3 (webtiles) character file.

Game seed: 17939804819223733484

395 jasper the Slasher (level 6, 0/51 HPs)
             Began as a Demigod Warper on Sept 22, 2021.
             Hit by a large rock thrown by a cyclops (22 damage)
             ... on level 6 of the Dungeon.
             The game lasted 00:05:46 (4676 turns).

jasper the Slasher (Demigod Warper)                 Turns: 4676, Time: 00:05:46

Health: 0/51       AC:  6    Str: 16    XL:     6   Next: 26%
Magic:  11/11      EV: 11    Int: 19    God:
Gold:   109        SH:  0    Dex: 13    Spells: 4/8 levels left

rFire   . . .      SeeInvis .   a - +1 falchion (protect)
rCold   . . .      Faith    .   (no shield)
rNeg    . . .      Spirit   .   e - +0 ring mail
rPois   .          Reflect  .   s - +0 helmet
rElec   .          Harm     .   (no cloak)
rCorr   .          Rampage  .   (no gloves)
Will    .....                   (no boots)
Stlth   ..........              (no amulet)
HPRegen 0.17/turn               (no ring)
MPRegen 0.12/turn               (no ring)

@: confused, ambrosia-drunk
A: high mp 1, forlorn
a: no special abilities


You were on level 6 of the Dungeon.
You visited 1 branch of the dungeon, and saw 6 of its levels.

You collected 109 gold pieces.

Inventory:

Hand Weapons
 a - a +1 falchion of protection (weapon)
 n - a +0 short sword
Missiles
 d - 5 boomerangs of dispersal
 k - 104 stones
 o - 27 poisoned darts (quivered)
 u - 6 datura-tipped darts
Armour
 b - a +0 leather armour
 e - a +0 ring mail (worn)
 j - a +0 chain mail
 r - a +0 buckler
 s - a +0 helmet (worn)
Scrolls
 c - 5 scrolls of blinking
 i - a scroll of brand weapon
Potions
 g - a potion of heal wounds {unknown}
 m - a potion of lignification {unknown}
 p - 2 potions of flight {unknown}
 t - a potion of degeneration {unknown}
 v - a potion of magic {unknown}


   Skills:
 + Level 3.1 Fighting
 * Level 4.0 Long Blades
 - Level 0.8 Throwing
 + Level 2.6 Armour
 + Level 3.1 Dodging
 - Level 1.7 Spellcasting
 + Level 3.3 Translocations


You had 4 spell levels left.
You knew the following spells:

 Your Spells              Type           Power      Damage    Failure   Level
a - Blink                 Tloc           N/A        N/A       12%         2
b - Wereblood             Tmut           1%         N/A       43%         2

Your spell library contained the following spells:

 Spells                   Type           Power      Damage    Failure   Level
 Gell's Gravitas          Tloc           7%         N/A       24%         3
 Lesser Beckoning         Tloc           14%        N/A       24%         3
 Teleport Other           Tloc           14%        N/A       24%         3
 Sublimation of Blood     Necr           0%         N/A       43%         2
 Manifold Assault         Tloc           14%        N/A       92%         5
 Summon Hydra             Summ           0%         N/A       100%        7


Dungeon Overview and Level Annotations

Branches:
Dungeon (6/15)
 Temple: D:4-7


Innate Abilities, Weirdness & Mutations

Your attributes grow dramatically as you level up.
You have an increased reservoir of magic. (+10% MP)
You shall have no god before yourself.


Message History

You regained 8 hp, and now have 19/51 hp.
Aiming: Iceblast
Press: ? - help, Shift-Dir - straight line The mass of ice explodes!
The iceblast engulfs the cyclops!
The cyclops is moderately wounded.
Aiming: Iceblast
Press: ? - help, Shift-Dir - straight line, f - cyclops
Aim: a cyclops, quivering large rocks (moderately wounded)
The mass of ice explodes!
The iceblast engulfs the cyclops!
The cyclops is heavily wounded.
The cyclops throws a large rock.
The large rock hits you.
* * * LOW HITPOINT WARNING * * *
Aiming: Iceblast
Press: ? - help, Shift-Dir - straight line, f/p - cyclops
Aim: a cyclops, quivering large rocks (heavily wounded)
The mass of ice explodes!
The iceblast engulfs the cyclops!
The cyclops is severely wounded.
The now-empty wand crumbles to dust.
You take 4 damage, and have 15/51 hp.
You aren't carrying any items that you can evoke.
Unknown command.
Okay, then.
Throw: 29 darts (poison)
Press: ? - help, Q - select action, (/) - cycle Shift-Dir - straight line, f/p - cyclops
Aim: a cyclops, quivering large rocks (severely wounded, 85% to hit)
You throw a poisoned dart. The poisoned dart hits the cyclops.
The cyclops is poisoned.
The cyclops is severely wounded.
Throw: 28 darts (poison)
Press: ? - help, Q - select action, (/) - cycle Shift-Dir - straight line, f/p - cyclops
Aim: a cyclops, quivering large rocks (almost dead, poisoned, 85% to hit)
You throw a poisoned dart. The poisoned dart hits the cyclops.
The cyclops looks even sicker.
The cyclops is almost dead.
You are confused.
You feel invigorated.
You regained 4 hp, and now have 19/51 hp.
You bump into the rock wall.
The cyclops throws a large rock.
The large rock hits you!!
You die...

.......().g..#
#######.######
#.# #(# #(#
#C# #)# #.#
#@# #.######
#......#
######.#
##.#.# #....#
##)### #.# #.#


You could see a cyclops (very poisoned).

Vanquished Creatures
  Blork the orc (D:6)
  A scorpion (D:6)
  A water moccasin skeleton (D:4)
  A hound (D:2)
  A gnoll shaman (D:6)
  A bullfrog skeleton (D:5)
  3 adders
  4 gnolls (D:6)
  3 worms
  A dart slug (D:2)
  3 ball pythons
  10 endoplasms
  8 goblins
  3 hobgoblins
  4 jackals (D:4)
  4 quokkas
  5 bats
  A frilled lizard (D:2)
  6 kobolds
  6 rats
67 creatures vanquished.

Notes
Turn   | Place    | Note
-------+----------+-------------------------------------------
     0 | D:1      | jasper the Demigod Warper began the quest for the Orb.
     0 | D:1      | Reached XP level 1. HP: 17/17 MP: 5/5
   224 | D:1      | Reached skill level 1 in Armour
   323 | D:1      | Reached skill level 2 in Long Blades
   740 | D:1      | Reached XP level 2. HP: 15/24 MP: 7/7
  1512 | D:2      | Reached XP level 3. HP: 16/29 MP: 8/8
  1659 | D:1      | Learned a level 2 spell: Blink
  2234 | D:2      | Reached XP level 4. HP: 26/37 MP: 9/9
  2545 | D:2      | Reached skill level 3 in Long Blades
  3536 | D:4      | Reached XP level 5. HP: 16/42 MP: 10/10
  3899 | D:4      | Learned a level 2 spell: Wereblood
  4061 | D:5      | Entered Level 5 of the Dungeon
  4123 | D:5      | Noticed an ice beast
  4438 | D:6      | Noticed Blork the orc
  4448 | D:6      | Killed Blork the orc
  4449 | D:6      | Reached XP level 6. HP: 33/51 MP: 11/11
  4610 | D:6      | Reached skill level 4 in Long Blades
  4664 | D:6      | Noticed a cyclops
  4676 | D:6      | Hit by a large rock thrown by a cyclops

Illustrated notes

Levels and vault maps discovered:
D:1:      ncdulo_watergridlock, layout_basic,
          hellmonk_ecumenical_altar_arch_garden, minmay_misc_feat_columns
D:2:      layout_loops_ring
D:3:      layout_loops_ring
D:4:      layout_rooms
D:5:      layout_basic
D:6:      layout_loops_ring, temple_hall, uniq_duvessa, uniq_pikel,
          uniq_blork_the_orc

Skill      XL: |  1  2  3  4  5  6 |
---------------+-------------------+-----
Armour         | 1 2 |  2.6
Long Blades    | 2 3 4 |  4.0
Dodging        | 2 3 |  3.1
Fighting       | 2 3 |  3.1
Translocations | 3 |  3.3
Throwing       | |  0.8
Spellcasting   | |  1.7

Action                   |  1- 3 |  4- 6 || total
-------------------------+-------+-------++-------
Melee: Falchion          |   111 |   125 ||   236
Throw: Stone             |    47 |    13 ||    60
       Dart              |       |    44 ||    44
Evoke: Wand              |       |     6 ||     6
  Use: Scroll            |     3 |     4 ||     7
       Potion            |       |     5 ||     5
Armor: Ring mail         |    40 |    70 ||   110
       Leather armour    |     3 |       ||     3
Dodge: Dodged            |    59 |    81 ||   140

Table legend: (Time is in decaauts)
 A = Elapsed time spent in this place.
 B = Non-inter-level travel time spent in this place.
 C = Inter-level travel time spent in this place.
 D = Time resting spent in this place.
 E = Time spent auto-exploring this place.
 F = Levels seen in this place.
 G = Mean time per level.
                   A        B        C        D        E       F      G
               +--------+--------+--------+--------+--------+-----+--------+
         Total |   4718 |   4596 |    122 |    946 |   2875 |   6 |  786.3 |
       Dungeon |   4718 |   4596 |    122 |    946 |   2875 |   6 |  786.3 |
               +--------+--------+--------+--------+--------+-----+--------+

Top non-repeatable levels by time:
     D:2: 1357 daAuts
     D:1: 1335 daAuts
     D:3: 719 daAuts
     D:4: 717 daAuts
     D:6: 430 daAuts
     D:5: 158 daAuts
